Map: [ESL] Oceanborn

Players

ByuN - Winner!

  • Race: Terran Terran
  • Spawn Location: 11:00

Firefly

  • Race: Protoss Protoss
  • League: Master
  • Spawn Location: 5:00

Event: IEM Katowice 2024

VOD

Have the link to the VOD?

Description

Time

  • Played on: Feb. 9, 2024, 1:10 p.m.
  • Length: 12:10

All games in this series

Show
View Real Time Build Order
Export as new Build Order

ByuN Terran - Winner!

Build Orders:  

Get SALT Encoding   

  12  0:00  SCV  
  13  0:12  SCV  
  14  0:17  Supply Depot  
  14  0:24  SCV  
  15  0:39  SCV  
  15  0:40  Barracks  
  15  0:42  Refinery  
  16  0:51  SCV  
  17  1:03  SCV  
  18  1:15  SCV  
  19  1:27  Orbital Command, Marine  
  20  1:39  Command Center  
  21  1:47  Barracks Reactor  
  21  1:53  Supply Depot, SCV  
  21  2:05  SCV  
  22  2:17  SCV  
  23  2:23  Marine x2  
  23  2:25  Command Center  
  23  2:29  SCV  
  26  2:33  Barracks  
  26  2:41  SCV, Marine x2  
  29  2:51  Orbital Command  
  29  2:53  SCV  
  30  2:59  Barracks  
  30  3:03  Marine x2  
  32  3:06  SCV  
  33  3:18  SCV x2  
  35  3:20  Marine  
  35  3:21  Barracks Tech Lab, Marine  
  37  3:30  SCV x2  
  39  3:37  Orbital Command  
  39  3:40  Stimpack, Marine  
  40  3:41  Marine x2  
  40  3:42  SCV x2  
  40  3:46  Marine, Refinery  
  45  3:51  Engineering Bay  
  45  3:54  SCV x2  
  47  3:57  Factory  
  47  4:03  SCV  
  47  4:04  Refinery  
  47  4:06  SCV  
  47  4:07  SCV  
  50  4:10  Barracks Tech Lab, Supply Depot  
  50  4:15  SCV  
  51  4:18  SCV  
  51  4:19  SCV  
  51  4:21  Bunker  
  53  4:27  SCV  
  53  4:29  Terran Infantry Weapons Level 1  
  53  4:30  SCV  
  55  4:35  Marine x2, Marauder x2  
  55  4:36  Combat Shield  
  55  4:37  Refinery  
  62  4:38  SCV  
  62  4:42  Supply Depot  
  62  4:45  SCV  
  62  4:46  SCV  
  62  4:50  SCV  
  61  4:54  Marine  
  61  4:56  Marauder  
  61  4:57  SCV  
  61  4:58  SCV  
  61  5:00  Marauder  
  61  5:04  Marine  
  61  5:06  SCV  
  63  5:09  SCV  
  61  5:15  Marine  
  61  5:16  Bunker  
  61  5:18  SCV  
  63  5:23  Marauder  
  63  5:25  Marauder  
  67  5:30  Starport  
  67  5:32  Factory Reactor, Marine x2  
  67  5:35  SCV x2  
  71  5:36  SCV  
  71  5:38  Supply Depot  
  70  5:47  SCV x2  
  70  5:49  Missile Turret, SCV  
  73  5:56  Supply Depot  
  73  5:57  Orbital Command  
  73  5:58  Concussive Shells  
  73  5:59  SCV x2  
  75  6:05  Barracks  
  75  6:07  Barracks  
  75  6:08  Marauder x2  
  75  6:09  Marine  
  75  6:10  Marine  
  81  6:15  Factory Reactor, SCV x2  
  81  6:17  Supply Depot  
  81  6:21  Medivac x2  
  81  6:23  Supply Depot  
  85  6:25  SCV  
  85  6:27  SCV x2  
  85  6:29  Marine x2  
  91  6:33  Marauder  
  91  6:36  Marauder  
  93  6:42  SCV x2  
  94  6:48  SCV, Marine x2  
  94  6:51  Medivac x2  
  94  6:54  Supply Depot, SCV x2  
  102  6:55  Barracks Reactor  
  102  6:56  Barracks Tech Lab, Supply Depot  
  102  7:00  Missile Turret  
  99  7:03  Marauder x2  
  99  7:04  Widow Mine  
  99  7:06  Widow Mine  
  106  7:10  SCV x3  
  106  7:13  Supply Depot  
  106  7:14  Supply Depot  
  109  7:16  Marauder  
  109  7:18  Marine x2  
  109  7:21  Refinery  
  109  7:22  Refinery  
  113  7:27  SCV  
  113  7:28  Missile Turret, SCV x2  
  116  7:31  Marauder x2  
  116  7:33  Marine x2  
  116  7:35  Widow Mine x2  
  116  7:36  Missile Turret  
  126  7:38  Marauder  
  126  7:40  Ghost Academy  
  126  7:44  Marine x2, Supply Depot  
  128  7:45  Medivac x2  
  134  7:54  Marauder x2  
  134  7:56  Marine x2  
  140  8:02  Supply Depot  
  140  8:03  Widow Mine  
  140  8:04  Supply Depot  
  143  8:06  Widow Mine  
  143  8:08  SCV x2  
  143  8:09  SCV  
  143  8:11  Marine, Marauder  
  149  8:17  Marine  
  149  8:18  Marine  
  149  8:19  Marauder x2  
  153  8:20  SCV  
  153  8:21  SCV x2  
  149  8:32  Marauder  
  149  8:33  SCV x2  
  140  8:39  Widow Mine x2  
  140  8:40  Marauder  
  132  8:42  Marauder  
  132  8:43  Marine  
  132  8:45  SCV  
  129  8:48  SCV  
  129  8:51  Medivac  
  129  8:52  Marine  
  129  8:54  Marauder  
  126  9:00  Widow Mine  
  120  9:09  Marine  
  115  9:10  Marine  
  115  9:11  Marauder  
  115  9:14  Orbital Command, SCV  
  111  9:23  Marauder  
  106  9:37  Supply Depot  
  106  9:38  Supply Depot x2  
  60  10:36  Orbital Command  
Show
View Real Time Build Order
Export as new Build Order

Firefly Protoss 

Build Orders: 1 Gate Expand, Blink Stalkers 

Get SALT Encoding   

  12  0:00  Probe  
  13  0:12  Probe  
  14  0:16  Pylon  
  14  0:24  Probe  
  15  0:34  Gateway  
  15  0:36  Probe (Chrono Boost)  
  16  0:46  Assimilator, Probe (Chrono Boost)  
  17  0:51  Probe (Chrono Boost)  
  18  1:03  Probe  
  19  1:15  Probe  
  20  1:21  Cybernetics Core  
  20  1:31  Nexus  
  20  1:37  Pylon  
  20  1:41  Probe  
  21  1:48  Assimilator  
  21  1:53  Probe  
  17  1:54  Warp Gate (Chrono Boost)  
  22  1:59  Adept  
  24  2:05  Probe  
  25  2:17  Probe  
  26  2:26  Twilight Council  
  26  2:29  Probe  
  27  2:36  Gateway  
  27  2:41  Probe  
  27  2:42  Gateway  
  27  2:44  Probe  
  29  2:53  Blink (Chrono Boost), Probe  
  29  2:56  Probe  
  31  3:06  Probe  
  31  3:09  Probe  
  33  3:13  Gateway  
  33  3:18  Probe  
  34  3:21  Probe  
  34  3:23  Pylon  
  35  3:30  Probe  
  35  3:33  Probe  
  37  3:35  Stalker x2  
  37  3:38  Stalker  
  43  3:42  Probe  
  43  3:45  Probe  
  45  3:54  Pylon  
  45  3:57  Probe  
  45  4:00  Stalker x2  
  45  4:01  Stalker  
  52  4:08  Probe  
  53  4:10  Probe, Pylon  
  54  4:20  Probe  
  54  4:24  Stalker x3  
  61  4:36  Nexus  
  59  4:47  Probe  
  54  5:03  Stalker x3  
  54  5:04  Probe x2  
  62  5:15  Forge  
  62  5:16  Probe x2 (Chrono Boost)  
  62  5:17  Robotics Facility  
  64  5:27  Pylon  
  66  5:28  Probe x2 (Chrono Boost)  
  66  5:29  Assimilator  
  66  5:30  Assimilator  
  66  5:33  Charge  
  66  5:35  Probe x2 (Chrono Boost)  
  66  5:36  Pylon  
  68  5:43  Probe x2  
  68  5:48  Stalker x3  
  68  5:52  Probe (Chrono Boost)  
  68  5:55  Probe (Chrono Boost)  
  71  5:57  Protoss Ground Weapons Level 1 (Chrono Boost)  
  71  5:58  Gateway  
  71  6:00  Gateway  
  71  6:01  Probe (Chrono Boost)  
  71  6:03  Probe (Chrono Boost)  
  73  6:04  Probe (Chrono Boost)  
  73  6:05  Gateway  
  73  6:08  Probe x2 (Chrono Boost)  
  73  6:09  Gateway, Probe  
  76  6:21  Gateway, Probe  
  76  6:22  Probe  
  76  6:23  Pylon  
  76  6:24  Observer (Chrono Boost)  
  79  6:30  Stalker x3  
  85  6:39  Warp Prism (Chrono Boost)  
  79  6:53  Nexus, Stalker x2  
  83  6:54  Pylon  
  83  6:55  Stalker  
  85  7:04  Sentry, Zealot x3  
  85  7:06  Probe x2  
  92  7:16  Immortal, Stalker  
  98  7:27  Stalker x3  
  98  7:28  Stalker x2  
  108  7:32  Probe  
  108  7:33  Probe x2  
  111  7:38  Zealot x2, Shield Battery  
  111  7:42  Pylon  
  115  7:45  Pylon  
  115  7:46  Pylon  
  115  7:52  Zealot  
  115  7:58  Immortal (Chrono Boost)  
  121  8:10  Zealot x3  
  121  8:11  Zealot x2  
  131  8:25  Zealot x3  
  106  8:44  Stalker x5  
  109  8:48  Stalker  
  109  8:49  Stalker  
  104  9:08  Stalker x3  
  89  9:19  Stalker x3  
  95  9:27  Shield Battery x2  
  94  9:39  Nexus  
  78  10:02  Gateway x2  
  78  10:04  Gateway  
  57  10:38  Nexus, Pylon  
  57  10:41  Forge  
  57  10:43  Gateway  
  57  10:59  Pylon  
  55  11:19  Forge  
  55  11:25  Gateway  
  53  11:35  Pylon  
  16  12:06  Gateway x2  

Tags
 
Add a new tag
Caveats
  • Supply blocks, unpowered buildings, or Contaminate may cause inaccurate times.
  • Supply counts are checked every 10 seconds.